AoeStats
← MZTK l Toni tony chopeer

MegaRandom

509941507Analyzed
3v3 RM · 2d ago on Sep 28, 2026· 46m 51s· 6 players
Game mode
Random Map
Map size
Normal (6 player)
Population
200
Speed
Normal
Resources
Standard
Victory
Conquest
Starting age
Dark Age
Ending age
Imperial Age
RankedLock teamsTeams togetherTeam positionsShared explorationLock speedFull tech treeHidden civsTurbo modeCheats
Victory
Defeat
🇩🇪 Saxons · Germany
1325
+12
🇩🇪 Ethiopians · Germany
1283
+14
🇩🇪 Tupi · Germany
1266
+14
🇧🇪 Saxons · Belgium
1255
-14
🇧🇪 Varangians · Belgium
1241
-14
1202
-12
ZAGOR
2:35 Loom
12:03 Feudal Age
13:41 Town Watch
16:10 Castle Age
14:04 Double-Bit Axe
15:06 Horse Collar
15:45 Scale Barding Armor
18:13 Bow Saw
21:10 Heavy Plow
24:07 Town Watch
26:33 Gold Mining
29:09 Chain Barding Armor
31:11 Bloodlines
31:02 Husbandry
36:17 Wheelbarrow
37:55 Hand Cart
40:42 Imperial Age
39:24 Vendel Legacy
40:29 Town Patrol
41:44 Conscription
42:27 Plate Barding Armor
42:03 Forging
41:25 Cavalier
44:01 Light Cavalry
NEH
5:06 Loom
9:29 Feudal Age
10:11 Double-Bit Axe
20:17 Castle Age
18:29 Horse Collar
21:10 Bow Saw
22:15 Wheelbarrow
21:39 Town Watch
23:35 Stone Mining
25:17 Heavy Plow
26:36 Hand Cart
27:36 Scale Mail Armor
28:28 Forging
28:58 Squires
28:44 Arson
29:42 Chain Mail Armor
31:18 Iron Casting
31:28 Fletching
32:02 Gold Mining
34:59 Bodkin Arrow
38:03 Imperial Age
38:49 Gold Shaft Mining
39:42 Plate Mail Armor
40:21 Murder Holes
41:04 Conscription
42:10 Conscription
41:18 Elite Hearth Troop
41:53 Shield Wall
43:14 Ballistics
43:00 Siege Engineers
MZTK l Toni tony chopeer
4:55 Loom
10:43 Feudal Age
21:23 Town Watch
23:44 Double-Bit Axe
29:51 Castle Age
34:29 Scale Barding Armor
34:51 Forging
35:41 Chain Barding Armor
41:45 Iron Casting
Randschi
3:29 Loom
11:36 Feudal Age
11:39 Champi Runner
13:13 Arson
21:38 Castle Age
19:44 Scale Mail Armor
21:36 Horse Collar
21:43 Double-Bit Axe
21:53 Double-Bit Axe
21:58 Champi Warrior
22:38 Squires
24:24 Forging
26:07 Heavy Plow
26:26 Bow Saw
26:13 Pikeman
30:04 Wheelbarrow
32:17 Chain Mail Armor
32:37 Iron Casting
33:33 Iron Casting
37:10 Hand Cart
36:40 Town Watch
42:17 Imperial Age
43:14 Fletching
43:42 Elite Champi Warrior
43:43 Halberdier
45:59 Conscription
47:05 Town Patrol
ErrorMorx
8:53 Loom
11:26 Feudal Age
12:20 Double-Bit Axe
15:23 Castle Age
13:26 Horse Collar
16:20 Bow Saw
18:37 Wheelbarrow
22:25 Fletching
23:19 Ballistics
23:16 Town Watch
25:25 Man-at-Arms
27:04 Squires
31:16 Imperial Age
29:12 Hand Cart
29:56 Murder Holes
31:31 Scale Mail Armor
31:35 Man-at-Arms
31:41 Elite Varangian Guard
34:50 Chain Mail Armor
35:52 Forging
38:37 Chemistry
38:22 Conscription
40:21 Plate Mail Armor
40:26 Iron Casting
39:42 Arson
42:35 Bodkin Arrow
42:51 Masonry
42:46 Guard Tower
44:31 Architecture
45:38 Bracer
46:08 Heavy Scorpion
F!ash#
3:02 Loom
10:38 Feudal Age
16:57 Castle Age
15:51 Fletching
17:48 Bodkin Arrow
18:24 Crossbowman
21:07 Double-Bit Axe
21:03 Horse Collar
22:17 Padded Archer Armor
22:50 Bow Saw
25:34 Forging
29:23 Ballistics
29:42 Wheelbarrow
32:34 Hand Cart
36:05 Imperial Age
34:28 Thumb Ring
35:02 Gold Mining
35:28 Squires
36:34 Iron Casting
36:04 Arson
36:57 Bracer
36:39 Arbalester
37:26 Halberdier
39:47 Leather Archer Armor
40:33 Blast Furnace
41:49 Chemistry
41:00 Masonry
42:48 Conscription
44:02 Murder Holes
Connection lost

Rejoining the realm…

Still unreachable

The connection could not be restored.

Session expired

The server has moved on; the page needs a fresh start.